 Dungeon Crawl Stone Soup version 0.19.4 (webtiles) character file.

329 Ponchio the Thaumaturge (level 6, 0/28 HPs)
             Began as a Deep Elf Fire Elementalist on Jan 30, 2017.
             Slain by a gnoll
             ... wielding a +0 spear
              (10 damage)
             ... on level 4 of the Dungeon.
             The game lasted 00:27:04 (4207 turns).

Ponchio the Thaumaturge (DEFE)                      Turns: 4207, Time: 00:27:05

Health: 0/28       AC:  4    Str:  5    XL:     6   Next: 25%
Magic:  9/19       EV: 13    Int: 22    God:
Gold:   155        SH:  0    Dex: 15    Spells: 2 memorised, 19 levels left

rFire  . . .     SeeInvis .     i - -3 short sword (curse)
rCold  . . .     Gourm    .     a - +0 robe
rNeg   . . .     Faith    .     (no shield)
rPois  .         Spirit   .     (no helmet)
rElec  .         Reflect  .     l - +1 cloak
rCorr  .         Harm     .     (no gloves)
MR     +....                    (no boots)
Stlth  ++........               (no amulet)
                                (no ring)
                                e - ring of wizardry

@: no status effects
A: talons 1, frail 1, magic resistance 1
a: no special abilities


You were on level 4 of the Dungeon.
You were not hungry.

You visited 1 branch of the dungeon, and saw 4 of its levels.

You collected 155 gold pieces.

Inventory:

Hand Weapons
 d - a +1 dagger
 i - a cursed -3 short sword (weapon)
 m - a +2 short sword of venom
 r - a +2 vampiric dagger
Armour
 a - a +0 robe (worn)
 l - a +1 cloak (worn)
Jewellery
 e - a ring of wizardry (left hand)
Scrolls
 f - a scroll of teleportation {unknown}
 p - a scroll of enchant weapon
 u - a scroll of identify
Potions
 g - a potion of haste
 k - 3 potions of curing
 n - a potion of cure mutation {unknown}
 o - 2 potions of lignification
 q - a potion of might {unknown}
 s - 2 potions of berserk rage
 t - 2 potions of cancellation
Books
 b - a book of Flames

   Spells                             Type                      Level
   a - Flame Tongue                   Conjuration/Fire             1
   b - Throw Flame                    Conjuration/Fire             2
   c - Conjure Flame                  Conjuration/Fire             3
   d - Inner Flame                    Hexes/Fire                   3
   e - Sticky Flame                   Conjuration/Fire             4
   f - Fireball                       Conjuration/Fire             5
Comestibles
 c - 3 bread rations
 j - 2 meat rations


   Skills:
 - Level 2.4 Dodging
 - Level 2.4 Stealth
 + Level 8.9 Spellcasting
 - Level 1.1 Conjurations
 - Level 3.2 Fire Magic


You had 19 spell levels left.
You knew the following spells:

 Your Spells              Type           Power        Failure   Level  Hunger
a - Flame Tongue          Conj/Fire      ###..        1%          1    None
b - Throw Flame           Conj/Fire      ###...       2%          2    None


Dungeon Overview and Level Annotations

Branches:
Dungeon (4/15)
 Temple: D:4-7

Altars:
Cheibriados
Hepliaklqana
Sif Muna
Zin

Annotations:
D:4 TheMardin's ghost, amateur DECj


Innate Abilities, Weirdness & Mutations

You have sharp toenails.
You are frail. (-10% HP)
You are resistant to hostile enchantments. (MR+)


Message History

You feel better.
The gnoll hits you from afar with a spear.
The gnoll hits you with a whip.
Casting: Flame Tongue
Confirm with . or Enter, or press ? or * to list all spells.
Aiming: Flame Tongue
Press: ? - help, Shift-Dir - straight line, f/p - gnoll
Aim: a gnoll, wielding a whip (almost dead)
The flame tongue hits the gnoll.
You kill the gnoll!
The gnoll hits you but does no damage.
Casting: Flame Tongue
Confirm with . or Enter, or press ? or * to list all spells.
Aiming: Flame Tongue
Press: ? - help, Shift-Dir - straight line, f - gnoll
Aim: a gnoll, wielding a spear The flame tongue hits the gnoll.
The gnoll is severely wounded.
The gnoll hits you from afar with a spear!
You die...

##.## ..#.....######........
#####..# #.#..........'........
.......#####.#.##########........
........#......#.....# #########
........#.##.###.....####### #.
.......(..##........g......# #.
.......#..##.###g###...g...# #.
########..#....#)# #.......# #. #
#..#..###@###.......# #. # .
##.#[(......#.......# #. #
...#.....##.#.#.......# #. #
...#.##..##.#.#.......# #.
.........##.#.#.......# #.
............#.#.......# #.
....###.........#.......# ## ....
##...############## ...
#.>........#


You could see a gnoll.

Vanquished Creatures
  A bullfrog (D:4)
  An iguana (D:4)
  Ijyb (D:1)
  A worker ant (D:4)
  3 gnolls (D:4)
  6 adders
  2 worms
  5 dart slugs
  2 leopard geckos
  9 orcs
  10 bats
  3 giant cockroaches
  10 hobgoblins
  2 jackals (D:2)
  2 ball pythons (D:2)
  5 frilled lizards
  3 goblins
  12 kobolds
  A quokka skeleton (D:4)
  8 rats
87 creatures vanquished.

Notes
Turn   | Place    | Note
-------+----------+-------------------------------------------
     0 | D:1      | Ponchio the Deep Elf Fire Elementalist began the quest for the Orb.
     0 | D:1      | Reached XP level 1. HP: 10/10 MP: 6/6
   189 | D:1      | Reached XP level 2. HP: 15/15 MP: 4/8
   209 | D:1      | Reached skill level 4 in Spellcasting
   992 | D:2      | Noticed Ijyb
  1063 | D:1      | Killed Ijyb
  1063 | D:1      | Reached skill level 5 in Spellcasting
  1063 | D:1      | Reached XP level 3. HP: 9/19 MP: 0/12
  1354 | D:2      | Found a hazy altar of Hepliaklqana.
  1355 | D:2      | Found a glowing silver altar of Zin.
  1714 | D:2      | Reached XP level 4. HP: 24/24 MP: 10/13
  1747 | D:2      | Reached skill level 6 in Spellcasting
  1871 | D:2      | Found a deep blue altar of Sif Muna.
  2064 | D:2      | Gained mutation: You are frail. (-10% HP) [potion of mutation]
  2064 | D:2      | Gained mutation: You are resistant to hostile enchantments. (MR+) [potion of mutation]
  2064 | D:2      | Gained mutation: You have sharp toenails. [potion of mutation]
  2368 | D:2      | Learned a level 2 spell: Throw Flame
  2919 | D:2      | Reached skill level 7 in Spellcasting
  3169 | D:3      | Reached XP level 5. HP: 25/25 MP: 11/16
  3170 | D:3      | Found a snail-covered altar of Cheibriados.
  3396 | D:4      | Noticed TheMardin's ghost (amateur DECj)
  3907 | D:4      | Reached skill level 8 in Spellcasting
  4012 | D:4      | Reached XP level 6. HP: 12/28 MP: 10/19
  4207 | D:4      | Slain by a gnoll

Skill      XL: |  1  2  3  4  5 |
---------------+----------------+-----
Spellcasting   | 5 7 8 |  8.9
Dodging        | |  2.4
Stealth        | |  2.4
Conjurations   | |  1.1
Fire Magic     | |  3.2

Action                   |  1- 3 |  4- 6 || total
-------------------------+-------+-------++-------
Melee: Dagger            |     7 |       ||     7
 Cast: Flame Tongue      |    74 |    94 ||   168
       Throw Flame       |       |    37 ||    37
  Use: Scroll            |     3 |     9 ||    12
       Potion            |     1 |     2 ||     3
  Eat: Chunk             |     2 |     5 ||     7
       Beef jerky        |       |     2 ||     2
Armor: Robe              |    12 |    13 ||    25
Dodge: Dodged            |    26 |    51 ||    77
